| TOP OF THE 1ST |
|
Sarasota Eagles batting - Pitching for Port Arthur Pirates : RHP Armando Prieto
|
|
Pitching: RHP Armando Prieto
|
|
|
Batting: SHB Todd Mabe
|
0-0: Ball 1-0: Called Strike 1-1: Foul Ball, location: 2F 1-2: Ground out U3 (Groundball, 34S, EV 86.9 MPH)
|
|
Batting: LHB John Metasavage
|
0-0: Called Strike 0-1: Ball 1-1: Foul Ball, location: 2F 1-2: Ball 2-2: Strikes out swinging
|
|
Batting: RHB Thomas Brassil
|
0-0: Swinging Strike 0-1: Ball 1-1: Ball 2-1: Fly out, F7 (Flyball, 7S, EV 93.8 MPH)
|
| Top of the 1st over - 0 runs, 0 hits, 0 errors, 0 left on base; Sarasota 0 - Port Arthur 0 |
| BOTTOM OF THE 1ST |
|
Port Arthur Pirates batting - Pitching for Sarasota Eagles : LHP Juan Nieves
|
|
Pitching: LHP Juan Nieves
|
|
|
Batting: SHB Geoff Doggett
|
0-0: Ground out 1-3 (Groundball, 13S, EV 63.8 MPH)
|
|
Batting: RHB Billy Ripken
|
0-0: Called Strike 0-1: Ground out U3 (Groundball, 3L, EV 106.9 MPH)
|
|
Batting: RHB Steve Stanicek
|
0-0: Called Strike 0-1: Called Strike 0-2: Ball 1-2: Ball 2-2: Ball 3-2: Strikes out swinging
|
| Bottom of the 1st over - 0 runs, 0 hits, 0 errors, 0 left on base; Sarasota 0 - Port Arthur 0 |
| TOP OF THE 2ND |
|
Sarasota Eagles batting - Pitching for Port Arthur Pirates : RHP Armando Prieto
|
|
Batting: SHB Ramon Sambo
|
0-0: Ball 1-0: Ball 2-0: Foul Ball, location: 2F 2-1: Ball 3-1: Fly out, F8 (Flyball, 8RS, EV 83.1 MPH)
|
|
Batting: LHB Dave Martinez
|
0-0: Called Strike 0-1: Ground out 3-1 (Groundball, 34S, EV 64.4 MPH)
|
|
Batting: RHB Matt Stark
|
0-0: Called Strike 0-1: Fly out, F5 (Popup, 5SF, EV 75.6 MPH)
|
| Top of the 2nd over - 0 runs, 0 hits, 0 errors, 0 left on base; Sarasota 0 - Port Arthur 0 |
| BOTTOM OF THE 2ND |
|
Port Arthur Pirates batting - Pitching for Sarasota Eagles : LHP Juan Nieves
|
|
Batting: LHB Dan Aruca
|
0-0: Ball 1-0: SINGLE (Line Drive, 56, EV 102.5 MPH)
|
|
Batting: RHB Otto Gonzalez
|
0-0: Foul Ball, location: 2F 0-1: Ball 1-1: Ball 2-1: DOUBLE (Flyball, 78D, EV 96.3 MPH) Dan Aruca to third
|
|
Batting: RHB Fredi Gonzalez
|
0-0: Ball 1-0: Foul Ball, location: 2F 1-1: Ground out 5-3 (Groundball, 56, EV 108.1 MPH) Dan Aruca scores
|
|
Batting: LHB Chris Rehbaum
|
0-0: Called Strike Balk! Otto Gonzalez to third 0-1: Ball 1-1: Foul Ball, location: 2F 1-2: Strikes out swinging
|
|
Batting: RHB Luis Suarez
|
0-0: Ball 1-0: Foul Ball, location: 2F 1-1: Ball 2-1: Ball 3-1: Called Strike 3-2: Base on Balls
|
|
Batting: RHB Willis Valdez
|
0-0: Ball 1-0: Ball 2-0: Ball 3-0: Called Strike 3-1: Foul Ball, location: 2F 3-2: SINGLE (Groundball, 4MS, EV 87.5 MPH) (infield hit) Otto Gonzalez scores Luis Suarez to second
|
|
Batting: SHB Geoff Doggett
|
0-0: Fielders Choice at 2nd, U4 (Groundball, 4M, EV 110.0 MPH)
|
| Bottom of the 2nd over - 2 runs, 3 hits, 0 errors, 2 left on base; Sarasota 0 - Port Arthur 2 |
| TOP OF THE 3RD |
|
Sarasota Eagles batting - Pitching for Port Arthur Pirates : RHP Armando Prieto
|
|
Batting: RHB Lorenzo Arce
|
0-0: Ball 1-0: Ball 2-0: Foul Ball, location: 2F 2-1: Ball 3-1: Foul Ball, location: 2F 3-2: Ground out 6-3 (Groundball, 6M, EV 103.8 MPH)
|
|
Batting: RHB Jose Estrada
|
0-0: Ball 1-0: Called Strike 1-1: Called Strike 1-2: Ball 2-2: Ball 3-2: Foul Ball, location: 2F 3-2: Foul Ball, location: 2F 3-2: Foul Ball, location: 2F 3-2: Ground out 5-3 (Groundball, 56, EV 84.4 MPH)
|
|
Batting: RHB Terry Schriner
|
0-0: Foul Ball, location: 2F 0-1: Ball 1-1: Foul Ball, location: 2F 1-2: Ground out 6-3 (Groundball, 56, EV 85.6 MPH)
|
| Top of the 3rd over - 0 runs, 0 hits, 0 errors, 0 left on base; Sarasota 0 - Port Arthur 2 |
| BOTTOM OF THE 3RD |
|
Port Arthur Pirates batting - Pitching for Sarasota Eagles : LHP Juan Nieves
|
|
Batting: RHB Billy Ripken
|
0-0: Ground out 4-3 (Groundball, 4, EV 91.9 MPH)
|
|
Batting: RHB Steve Stanicek
|
0-0: Swinging Strike 0-1: Ball 1-1: Foul Ball, location: 2F 1-2: Strikes out swinging
|
|
Batting: LHB Dan Aruca
|
0-0: Ground out U3 (Groundball, 34S, EV 92.5 MPH)
|
| Bottom of the 3rd over - 0 runs, 0 hits, 0 errors, 0 left on base; Sarasota 0 - Port Arthur 2 |
| TOP OF THE 4TH |
|
Sarasota Eagles batting - Pitching for Port Arthur Pirates : RHP Armando Prieto
|
|
Batting: SHB Todd Mabe
|
0-0: Ball 1-0: Ball 2-0: Ball 3-0: Called Strike 3-1: Fly out, F8 (Flyball, 89XD, EV 94.4 MPH)
|
|
Batting: LHB John Metasavage
|
0-0: Called Strike 0-1: Ball 1-1: Ball 2-1: Foul Ball, location: 2F 2-2: Foul Ball, location: 2F 2-2: Strikes out swinging
|
|
Batting: RHB Thomas Brassil
|
0-0: Called Strike 0-1: Ball 1-1: Ball 2-1: Called Strike 2-2: Ground out 4-3 (Groundball, 4, EV 84.4 MPH)
|
| Top of the 4th over - 0 runs, 0 hits, 0 errors, 0 left on base; Sarasota 0 - Port Arthur 2 |
| BOTTOM OF THE 4TH |
|
Port Arthur Pirates batting - Pitching for Sarasota Eagles : LHP Juan Nieves
|
|
Batting: RHB Otto Gonzalez
|
0-0: Called Strike 0-1: Ground out 6-3 (Groundball, 6, EV 105.0 MPH)
|
|
Batting: RHB Fredi Gonzalez
|
0-0: Called Strike 0-1: Ground out 6-3 (Groundball, 6M, EV 77.5 MPH)
|
|
Batting: LHB Chris Rehbaum
|
0-0: Ball 1-0: Foul Ball, location: 2F 1-1: Called Strike 1-2: Ball 2-2: Strikes out swinging
|
| Bottom of the 4th over - 0 runs, 0 hits, 0 errors, 0 left on base; Sarasota 0 - Port Arthur 2 |
| TOP OF THE 5TH |
|
Sarasota Eagles batting - Pitching for Port Arthur Pirates : RHP Armando Prieto
|
|
Batting: SHB Ramon Sambo
|
0-0: Ball 1-0: Ball 2-0: Ball 3-0: Base on Balls
|
|
Batting: LHB Dave Martinez
|
0-0: Called Strike Ramon Sambo steals 2nd base 0-1: Ball 1-1: Called Strike 1-2: Ball 2-2: Ball 3-2: Fly out, F8 (Flyball, 78M, EV 89.4 MPH)
|
|
Batting: RHB Matt Stark
|
0-0: Foul Ball, location: 2F 0-1: Ball 1-1: Ball 2-1: Foul Ball, location: 2F 2-2: SINGLE (Line Drive, 9S, EV 90.6 MPH) Ramon Sambo to third
|
|
Batting: RHB Lorenzo Arce
|
0-0: Swinging Strike 0-1: Grounds into double play, 6-4-3 (Groundball, 6, EV 104.4 MPH)
|
| Top of the 5th over - 0 runs, 1 hit, 0 errors, 1 left on base; Sarasota 0 - Port Arthur 2 |
| BOTTOM OF THE 5TH |
|
Port Arthur Pirates batting - Pitching for Sarasota Eagles : LHP Juan Nieves
|
|
Batting: RHB Luis Suarez
|
0-0: Reached on error, E3 (Groundball, 34, EV 82.5 MPH)
|
|
Batting: RHB Willis Valdez
|
0-0: Ball 1-0: Called Strike 1-1: Bunted foul 1-2: Foul Ball, location: 2F 1-2: Fielders Choice at 2nd, 5-4 (Groundball, 5, EV 105.0 MPH)
|
|
Batting: SHB Geoff Doggett
|
0-0: Ball Willis Valdez steals 2nd base 1-0: Called Strike 1-1: Foul Ball, location: 2F 1-2: Strikes out looking
|
|
Batting: RHB Billy Ripken
|
0-0: Foul Ball, location: 2F 0-1: Swinging Strike 0-2: Ground out 5-3 (Groundball, 56S, EV 68.1 MPH)
|
| Bottom of the 5th over - 0 runs, 0 hits, 1 error, 1 left on base; Sarasota 0 - Port Arthur 2 |
| TOP OF THE 6TH |
|
Sarasota Eagles batting - Pitching for Port Arthur Pirates : RHP Armando Prieto
|
|
Batting: RHB Jose Estrada
|
0-0: Ball 1-0: Ball 2-0: Foul Ball, location: 2F 2-1: Foul Ball, location: 2F 2-2: Ground out U3 (Groundball, 34, EV 80.0 MPH)
|
|
Batting: RHB Terry Schriner
|
0-0: Ball 1-0: Fly out, F8 (Flyball, 8LS, EV 94.4 MPH)
|
|
Batting: SHB Todd Mabe
|
0-0: Ball 1-0: Ball 2-0: Ball 3-0: Called Strike 3-1: Base on Balls
|
|
Batting: LHB John Metasavage
|
0-0: Called Strike 0-1: Ball 1-1: Fly out, F1 (Popup, P, EV 79.4 MPH)
|
| Top of the 6th over - 0 runs, 0 hits, 0 errors, 1 left on base; Sarasota 0 - Port Arthur 2 |
| BOTTOM OF THE 6TH |
|
Port Arthur Pirates batting - Pitching for Sarasota Eagles : LHP Juan Nieves
|
|
Batting: RHB Steve Stanicek
|
0-0: Ball 1-0: Ball 2-0: SINGLE (Line Drive, 56, EV 98.8 MPH)
|
|
Batting: LHB Dan Aruca
|
0-0: SINGLE (Groundball, 56S, EV 68.8 MPH) (infield hit) Steve Stanicek to second
|
|
Batting: RHB Otto Gonzalez
|
0-0: Called Strike 0-1: Fly out, F7 (Flyball, 7D, EV 96.3 MPH)
|
|
Batting: RHB Fredi Gonzalez
|
0-0: Ball 1-0: Called Strike 1-1: Foul Ball, location: 2F 1-2: Fielders Choice at 2nd, 4-6 (Groundball, 34D, EV 86.3 MPH) Steve Stanicek to third
|
|
Batting: LHB Chris Rehbaum
|
0-0: Ball 1-0: Called Strike 1-1: Ball 2-1: Called Strike 2-2: Ball 3-2: Strikes out swinging
|
| Bottom of the 6th over - 0 runs, 2 hits, 0 errors, 2 left on base; Sarasota 0 - Port Arthur 2 |
| TOP OF THE 7TH |
|
Sarasota Eagles batting - Pitching for Port Arthur Pirates : RHP Armando Prieto
|
|
Batting: RHB Thomas Brassil
|
0-0: Ball 1-0: Ball 2-0: Called Strike 2-1: Ball 3-1: Base on Balls
|
|
Batting: SHB Ramon Sambo
|
0-0: Ball 1-0: Grounds into double play, 3-6-1 (Groundball, 3, EV 101.9 MPH)
|
|
Batting: LHB Dave Martinez
|
0-0: Ball 1-0: Ball 2-0: Ball 3-0: Base on Balls
|
|
Batting: RHB Matt Stark
|
0-0: Ball 1-0: Foul Ball, location: 2F 1-1: Ball 2-1: Ball 3-1: Base on Balls Dave Martinez to second
|
|
Batting: RHB Lorenzo Arce
|
0-0: Called Strike 0-1: Called Strike 0-2: Reached on error, E3 (Popup, 34S, EV 61.3 MPH) Dave Martinez to third Matt Stark to second
|
|
Pinch Hitting: LHB Ricky Lemon
|
0-0: Foul Ball, location: 2F 0-1: SINGLE (Flyball, 5D, EV 100.0 MPH) Dave Martinez scores Matt Stark to third Lorenzo Arce to second Runner from 3rd tries for Home, SAFE, throw by LF to home
|
|
Batting: RHB Terry Schriner
|
0-0: Foul Ball, location: 2F 0-1: Foul Ball, location: 2F 0-2: Strikes out looking
|
| Top of the 7th over - 2 runs, 1 hit, 1 error, 2 left on base; Sarasota 2 - Port Arthur 2 |
| BOTTOM OF THE 7TH |
|
Port Arthur Pirates batting - Pitching for Sarasota Eagles : LHP Juan Nieves
|
|
Now in CF: Ricky Lemon
|
|
|
Batting: RHB Luis Suarez
|
0-0: Called Strike 0-1: Ball 1-1: Ball 2-1: Foul Ball, location: 2F 2-2: Fly out, F7 (Flyball, 7S, EV 83.8 MPH)
|
|
Batting: RHB Willis Valdez
|
0-0: Ball 1-0: Ground out 4-3 (Groundball, 4, EV 84.4 MPH)
|
|
Batting: SHB Geoff Doggett
|
0-0: Ball 1-0: Ground out 5-3 (Groundball, 25, EV 87.5 MPH)
|
| Bottom of the 7th over - 0 runs, 0 hits, 0 errors, 0 left on base; Sarasota 2 - Port Arthur 2 |
| TOP OF THE 8TH |
|
Sarasota Eagles batting - Pitching for Port Arthur Pirates : RHP Armando Prieto
|
|
Batting: SHB Todd Mabe
|
0-0: Foul Ball, location: 2F 0-1: Foul Ball, location: 2F 0-2: Ball 1-2: Ball 2-2: Ball 3-2: Foul Ball, location: 2F 3-2: Base on Balls
|
|
Batting: LHB John Metasavage
|
0-0: Ball Todd Mabe steals 2nd base 1-0: Intentional Walk
|
|
Batting: RHB Thomas Brassil
|
0-0: Called Strike 0-1: Ball 1-1: Swinging Strike 1-2: Ball 2-2: Foul Ball, location: 2F 2-2: Foul Ball, location: 2F 2-2: Foul Ball, location: 2F 2-2: Ball 3-2: Foul Ball, location: 2F 3-2: Fly out, F2 (Popup, 23F, EV 87.5 MPH)
|
|
Batting: SHB Ramon Sambo
|
0-0: Ball 1-0: Called Strike 1-1: Ground out 4-3 (Groundball, 4MS, EV 63.8 MPH) Todd Mabe to third John Metasavage to second
|
|
Batting: LHB Dave Martinez
|
0-0: Swinging Strike 0-1: Foul Ball, location: 2F 0-2: Ball 1-2: Ball 2-2: Ball 3-2: Reached on error, E6 (Groundball, 56, EV 100.0 MPH) Todd Mabe scores John Metasavage to third
|
|
Pitching: RHP Steven Gessell
|
|
|
Batting: RHB Matt Stark
|
0-0: Called Strike 0-1: Ball 1-1: Called Strike 1-2: Ball 2-2: Ball 3-2: Ground out 5-3 (Groundball, 56, EV 87.5 MPH)
|
| Top of the 8th over - 1 run, 0 hits, 1 error, 2 left on base; Sarasota 3 - Port Arthur 2 |
| BOTTOM OF THE 8TH |
|
Port Arthur Pirates batting - Pitching for Sarasota Eagles : LHP Juan Nieves
|
|
Batting: RHB Billy Ripken
|
0-0: Fly out, F8 (Flyball, 8LD, EV 110.0 MPH)
|
|
Batting: RHB Steve Stanicek
|
0-0: Called Strike 0-1: Ground out 6-3 (Groundball, 6, EV 88.8 MPH)
|
|
Batting: LHB Dan Aruca
|
0-0: Foul Ball, location: 2F 0-1: Ball 1-1: Ball 2-1: Fly out, F8 (Flyball, 8RXD, EV 101.3 MPH)
|
| Bottom of the 8th over - 0 runs, 0 hits, 0 errors, 0 left on base; Sarasota 3 - Port Arthur 2 |
| TOP OF THE 9TH |
|
Sarasota Eagles batting - Pitching for Port Arthur Pirates : RHP Steven Gessell
|
|
Batting: RHB Lorenzo Arce
|
0-0: Ball 1-0: Fly out, F9 (Flyball, 89XD, EV 88.8 MPH)
|
|
Batting: LHB Ricky Lemon
|
0-0: Fly out, F8 (Flyball, 8RM, EV 93.1 MPH)
|
|
Batting: RHB Terry Schriner
|
0-0: Ball 1-0: Called Strike 1-1: Ground out 1-3 (Groundball, 13S, EV 64.4 MPH)
|
| Top of the 9th over - 0 runs, 0 hits, 0 errors, 0 left on base; Sarasota 3 - Port Arthur 2 |
| BOTTOM OF THE 9TH |
|
Port Arthur Pirates batting - Pitching for Sarasota Eagles : LHP Juan Nieves
|
|
Pitching: RHP Charlie Corbell
|
|
|
Batting: LHB Paul Hollins
|
0-0: Ball 1-0: Ball 2-0: Called Strike 2-1: Ball 3-1: Called Strike 3-2: Foul Ball, location: 2F 3-2: Foul Ball, location: 2F 3-2: Base on Balls
|
|
Pinch Runner at 1st Michael Cain:
|
|
|
Pinch Hitting: LHB John Rubel
|
0-0: Grounds into double play, 4-6-3 (Groundball, 34, EV 81.9 MPH)
|
|
Pinch Hitting: LHB Ron Salcedo
|
0-0: Ball 1-0: Reached on error, E3 (Groundball, 3S, EV 78.8 MPH)
|
|
Pinch Hitting: LHB Steven Chumas
|
0-0: Called Strike 0-1: Ball 1-1: Swinging Strike 1-2: Strikes out swinging
|
| Bottom of the 9th over - 0 runs, 0 hits, 1 error, 1 left on base; Sarasota 3 - Port Arthur 2 |
|